[Event "*** Titled Tuesday Blitz"]
[Site "Chess.com"]
[Date "2020.04.28"]
[Round "9"]
[White "GracefulYear"]
[Black "Zarikovs1999"]
[Result "0-1"]
[WhiteElo "2428"]
[BlackElo "2289"]
[TimeControl "180+1"]
[EndTime "11:44:26 PDT"]
[Termination "Zarikovs1999 won by checkmate"]

1. d4 Nf6 2. c4 c5 3. Nf3 cxd4 4. Nxd4 e6 5. Nc3 Bb4 6. Bd2 O-O 7. g3 Bxc3 8. Bxc3 Ne4 9. Qd3 Nxc3 10. Qxc3 d5 11. Bg2 e5 12. Nc2 d4 13. Qd3 Nc6 14.
O-O Be6 15. e3 dxe3 16. Qxd8 Raxd8 17. Nxe3 Rd2 18. b3 Rfd8 19. Nd5 Bxd5 20. Bxd5 Rd7 21.
Rfd1 Rxd1+ 22. Rxd1 Nb4 23. a3 Nxd5 24. cxd5 Kf8 25.
Kf1 Ke7 26. Ke2 Kd6 27. Ke3 Rc7 28. f4 Rc3+ 29. Rd3 Rxd3+ 30. Kxd3 exf4 31. gxf4 Kxd5 32. b4 b5 33. h3 f5 34. h4 h5 35. Kc3 Ke4 36. a4 a6 37. axb5 axb5 38. Kb3 Kxf4 39. Kc3 Ke3 40. Kc2 f4 41. Kd1 Kf2 42. Kd2 f3 43. Kd3 Kg2 44. Kd4 f2 45. Kc5 f1=Q 46. Kb6 Qc4 47. Ka6 Qxb4 48. Kb6 Qc4 49. Ka5 b4 50. Ka4 b3+ 51. Ka3 Qc2 52. Ka4 b2+ 53. Ka3 Qc1 54. Ka4 b1=Q 55. Ka5 Qa3# 0-1

[Event "*** Titled Tuesday Blitz"]
[Site "Chess.com"]
[Date "2020.04.28"]
[Round "9"]
[White "StephenDedalus83"]
[Black "Supernotar"]
[Result "0-1"]
[WhiteElo "2782"]
[BlackElo "2641"]
[TimeControl "180+1"]
[EndTime "11:44:29 PDT"]
[Termination "Supernotar won by resignation"]

1. e4 c6 2. d4 d5 3. e5 Bf5 4. c3 e6 5. Be3 Nd7 6. Nd2 h6 7. f4 Ne7 8. Be2 Bh7 9. Ngf3 c5 10.
O-O Nc6 11. Nb3 cxd4 12. Nfxd4 Be7 13. f5 Nxd4 14. Nxd4 O-O 15. fxe6 Nxe5 16. exf7+ Rxf7 17. Rxf7 Nxf7 18. Qb3 Qd7 19. Rd1 Rd8 20. Bf4 Be4 21. Bf3 Bf6 22. Bh5 Ne5 23. h3 Kh8 24. Be2 a6 25. Nc2 Qf5 26. Bg3 Bxc2 0-1

[Event "*** Titled Tuesday Blitz"]
[Site "Chess.com"]
[Date "2020.04.28"]
[Round "9"]
[White "Ashedu66"]
[Black "dennisodessa"]
[Result "1-0"]
[WhiteElo "2137"]
[BlackElo "2291"]
[TimeControl "180+1"]
[EndTime "11:44:30 PDT"]
[Termination "Ashedu66 won by resignation"]

1. d4 Nf6 2. Nf3 e6 3. c4 Bb4+ 4. Nbd2 b6 5. e3 Bb7 6. Bd3 O-O 7. O-O d6 8. Nb3 d5 9. c5 bxc5 10. a3 c4 11. axb4 cxb3 12. Qxb3 Nbd7 13. Bd2 Nb6 14.
Rfc1 Ne4 15. Be1 Nd6 16. b5 Ndc4 17. Bb4 Re8 18. Bc5 c6 19. Ne5 cxb5 20. Qxb5 Nd6 21. Bxd6 Qxd6 22. Rxa7 Rxa7 23. Qxe8+ Qf8 24. Bxh7+ 1-0

[Event "*** Titled Tuesday Blitz"]
[Site "Chess.com"]
[Date "2020.04.28"]
[Round "9"]
[White "Gvetadze"]
[Black "BeanScreen"]
[Result "0-1"]
[WhiteElo "2392"]
[BlackElo "2581"]
[TimeControl "180+1"]
[EndTime "11:44:31 PDT"]
[Termination "BeanScreen won by resignation"]

1. e4 e5 2. Nf3 Nc6 3. Bb5 a6 4. Ba4 d6 5. c3 Nf6 6. d3 Be7 7.
O-O O-O 8. Nbd2 b5 9. Bc2 Bb7 10. Re1 Re8 11. Nf1 Bf8 12. Ng3 Ne7 13. Bg5 Ng6 14.
Nh5 Be7 15. Ng3 h6 16. Be3 d5 17. exd5 Nxd5 18. Bd2 Bd6 19. Nf5 Ndf4 20. d4 e4 21.
Nxd6 cxd6 22. Bxf4 Nxf4 23. Nd2 Qg5 24. g3 e3 25. Nf3 Qg4 26. d5 Bxd5 27. Rxe3 Rxe3 28. fxe3 Bxf3 29. Qd4 Ne2+ 30. Kf2 Nxd4 31. cxd4 Re8 0-1

[Event "*** Titled Tuesday Blitz"]
[Site "Chess.com"]
[Date "2020.04.28"]
[Round "9"]
[White "KingCrusher275"]
[Black "Gyapiking"]
[Result "1-0"]
[WhiteElo "2369"]
[BlackElo "2474"]
[TimeControl "180+1"]
[EndTime "11:44:31 PDT"]
[Termination "KingCrusher275 won by resignation"]

1. d4 e6 2. c4 f5 3. Nf3 Nf6 4. g3 d5 5. Bg2 c6 6. O-O Bd6 7.
Nc3 O-O 8. b3 Qe7 9. Bb2 Ne4 10.
Nxe4 fxe4 11. Ne5 Nd7 12. Qd2 Nxe5 13. dxe5 Bc5 14. Bd4 Bd7 15. f3 exf3 16. exf3 Be8 17. f4 Bg6 18. cxd5 exd5 19. Bh3 Be4 20. Bg2 Bf5 21. h3 Rad8 22. Rae1 Bb4 23. Bc3 Qc5+ 24. Bd4 Bxd2 25. Bxc5 Bxe1 26. Rxe1 Rfe8 27. g4 Bc8 28. f5 b6 29. Ba3 Bb7 30. e6 c5 31. Bc1 Ba8 32. Bg5 Rc8 33. Bf1 c4 34. bxc4 dxc4 35. Rc1 c3 36. Ba6 Rc5 37. Be3 Ra5 38. Bc4 Rxa2 39.
Bxa2 1-0

[Event "*** Titled Tuesday Blitz"]
[Site "Chess.com"]
[Date "2020.04.28"]
[Round "9"]
[White "SamuelGhimpu2003"]
[Black "JozefKneht"]
[Result "1-0"]
[WhiteElo "2697"]
[BlackElo "2461"]
[TimeControl "180+1"]
[EndTime "11:44:35 PDT"]
[Termination "SamuelGhimpu2003 won by resignation"]

1. e4 e5 2. Nf3 Nc6 3. Bc4 Bc5 4. O-O Nf6 5. c3 Nxe4 6. d4 exd4 7. cxd4 d5 8. dxc5 dxc4 9. Qe2 Qe7 10. Qxc4 Nxc5 11. Be3 Ne6 12. Nc3 Qb4 13. Qe2 O-O 14. Nd5 Qg4 15. Rac1 Bd7 16. Rfd1 Ne5 17. h3 Nxf3+ 18.
Qxf3 Qxf3 19. gxf3 Rfd8 20. Nxc7 Nxc7 21. Rxc7 Bc6 22. Rxd8+ Rxd8 23. Kg2 a6 24. Bb6 Re8 25.
Kg3 h6 26. Be3 Re6 27. f4 Rd6 28. f5 Rf6 29. Kg4 Be4 30. Rc5 Bc6 31. h4 Bd7 32. Rd5 Bc6 33. Rd8+ Kh7 34. Bd4 1-0

[Event "*** Titled Tuesday Blitz"]
[Site "Chess.com"]
[Date "2020.04.28"]
[Round "9"]
[White "NeverEverForever1990"]
[Black "CalinGheorghiu"]
[Result "1-0"]
[WhiteElo "2482"]
[BlackElo "2336"]
[TimeControl "180+1"]
[EndTime "11:44:35 PDT"]
[Termination "NeverEverForever1990 won by checkmate"]

1. e4 e6 2. Nf3 d5 3. exd5 exd5 4. d4 Nc6 5. Bd3 Bd6 6. O-O Nge7 7. c4 dxc4 8. Bxc4 O-O 9. Nc3 Bg4 10. Bg5 Bxf3 11.
Qxf3 Nxd4 12. Qg4 Ndf5 13. Nd5 Kh8 14. Rad1 f6 15. Nxe7 Qxe7 16. Rfe1 Qd8 17. Qxf5 fxg5 18. Qe6 Qf6 19. Qxf6 Rxf6 20. f3 Raf8 21. a3 g4 22. fxg4 Bc5+ 23. Kh1 Rf2 24. b4 Bb6 25. Rf1 g6 26. Rxf2 Rxf2 27. g5 a5 28. Rd8+ Kg7 29.
Rg8# 1-0

[Event "*** Titled Tuesday Blitz"]
[Site "Chess.com"]
[Date "2020.04.28"]
[Round "9"]
[White "GMJustin"]
[Black "AniJak"]
[Result "0-1"]
[WhiteElo "2385"]
[BlackElo "2273"]
[TimeControl "180+1"]
[EndTime "11:44:36 PDT"]
[Termination "AniJak won on time"]

1. e4 c5 2. Nf3 e6 3. d4 cxd4 4. Nxd4 a6 5. c4 Nf6 6. Nc3 d6 7. Be2 Be7 8. f4 O-O 9. Qd3 Qc7 10. b4 b6 11. Bb2 Bb7 12. O-O Nc6 13. a3 Rfd8 14. Rac1 Nxd4 15. Qxd4 Bf8 16. g4 Nd7 17. g5 Rac8 18. h4 e5 19. Qd2 exf4 20. Nd5 Bxd5 21.
cxd5 Qa7 22. Qxf4 Ne5 23. Rxc8 Rxc8 24. Bxe5 dxe5 25. Qxe5 b5+ 26. Kh1 Qe3 27. Qf5 Rc7 28. Qf3 Qd4 29. Qd3 Qe5 30. Kg2 Bd6 0-1

[Event "*** Titled Tuesday Blitz"]
[Site "Chess.com"]
[Date "2020.04.28"]
[Round "9"]
[White "bait_or_mate"]
[Black "Beca95"]
[Result "0-1"]
[WhiteElo "2557"]
[BlackElo "2848"]
[TimeControl "180+1"]
[EndTime "11:44:37 PDT"]
[Termination "Beca95 won by resignation"]

1. d4 Nf6 2. c4 e6 3. Nf3 c5 4.
Nc3 cxd4 5. Nxd4 Nc6 6. g3 Qb6 7. Nb3 Ne5 8. e4 Bb4 9. Bg2 Nxc4 10. O-O O-O 11. Bg5 Nxb2 12. Qc2 Nc4 13. Na4 Qb5 14. Bxf6 gxf6 15. Nd4 Qa6 16. Rfc1 Ne5 17. Bf1 Qd6 18. Nb5 Qe7 19. f4 Ng6 20. h4 Rd8 21. h5 Nf8 22.
Rab1 Ba5 23. e5 fxe5 24. fxe5 Qg5 25. Rb3 Qxe5 26. Rf3 Qxh5 27. Kg2 b6 28. Bd3 Bb7 29. Be4 Bxe4 30. Qxe4 Qxb5 0-1

[Event "*** Titled Tuesday Blitz"]
[Site "Chess.com"]
[Date "2020.04.28"]
[Round "9"]
[White "viktorskliarov"]
[Black "Quiet_Desperation"]
[Result "1-0"]
[WhiteElo "2605"]
[BlackElo "1849"]
[TimeControl "180+1"]
[EndTime "11:44:37 PDT"]
[Termination "viktorskliarov won by resignation"]

1. e4 e6 2. d4 d5 3. e5 Qd7 4. c3 b6 5. a4 Ba6 6. Bxa6 Nxa6 7. a5 b5 8. Nf3 c5 9. dxc5 Bxc5 10. O-O Nh6 11. Bxh6 gxh6 12. b4 Be7 13. Nbd2 Rg8 14. Qe2 Nc7 15. a6 Rb8 16. Nd4 Rb6 17. Ra5 Rg6 18. Rfa1 f5 19. exf6 Bxf6 20. N2b3 Be7 21.
Nc5 Bxc5 22. bxc5 Rb8 23. Qe5 Qg7 24. Qxg7 Rxg7 25. Rb1 Rg4 26. f3 Rf4 27. Kf2 Kd7 28. g3 Rf6 29. Nxb5 Nxb5 30. Raxb5 Rc8 31. Rb7+ Ke8 32.
Rxa7 Rxc5 1-0

[Event "*** Titled Tuesday Blitz"]
[Site "Chess.com"]
[Date "2020.04.28"]
[Round "9"]
[White "GM_DarwinLaylo"]
[Black "northridgehawk"]
[Result "1-0"]
[WhiteElo "2536"]
[BlackElo "2299"]
[TimeControl "180+1"]
[EndTime "11:44:37 PDT"]
[Termination "GM_DarwinLaylo won by resignation"]

1. c4 Nf6 2. Nc3 d5 3. cxd5 Nxd5 4. g3 g6 5. Bg2 Nb6 6. h4 Bg7 7. h5 c5 8. h6 Bf6 9. Ne4 Be5 10. Nxc5 Nc6 11.
Nf3 Bb8 12. b3 e5 13. Bb2 f6 14. d3 O-O 15. a3 a5 16. Rc1 Qe7 17. O-O Bd6 18. b4 axb4 19. axb4 Kh8 20. Qb3 Nd7 21. Nxd7 Bxd7 22. b5 Na5 23. Qa4 Nc4 24. Qxc4 Be6 25.
Qh4 Ra2 26. Rb1 Rc8 27. Nxe5 g5 28. Qe4 Rxb2 29. Ng6+ hxg6 30. Rxb2 Rc7 31. Qxg6 Be5 32. b6 Bxb2 33. bxc7 Qxc7 34. Qe8+ Bg8 35. Bd5 Qh7 36. Rb1 1-0

[Event "*** Titled Tuesday Blitz"]
[Site "Chess.com"]
[Date "2020.04.28"]
[Round "9"]
[White "NiranjanNavalgund"]
[Black "RaphaeI"]
[Result "1/2-1/2"]
[WhiteElo "2491"]
[BlackElo "2626"]
[TimeControl "180+1"]
[EndTime "11:44:40 PDT"]
[Termination "Game drawn by repetition"]

1. Nf3 Nf6 2. g3 g6 3. Bg2 Bg7 4. O-O O-O 5. d4 d6 6. a4 c6 7.
Nc3 Nbd7 8. e4 e5 9. h3 Qc7 10. Be3 Re8 11. Qd2 exd4 12. Nxd4 Nc5 13. f3 a5 14. Kh2 h5 15. Bg5 Nh7 16. Bf4 Be5 17. Rad1 h4 18. gxh4 Nf6 19. Bxe5 dxe5 20. Nde2 Nh5 21. Qg5 Ne6 22. Qh6 Qe7 23. Ng3 Nef4 24. Nxh5 Nxh5 25. Qg5 Be6 26. b3 Qc5 27. Ne2 Qxc2 28. Ng3 Nf4 29. Rg1 Bxh3 30. Rc1 Qb2 31. Rb1 Qf2 32. Rbf1 Qd2 33. Rd1 Qa2 34. Ra1 Qb2 35. Rab1 Qf2 36. Rbf1 Qd2 37. Rd1 Qc2 38. Rc1 Qb2 39. Rb1 1/2-1/2

[Event "*** Titled Tuesday Blitz"]
[Site "Chess.com"]
[Date "2020.04.28"]
[Round "9"]
[White "JulAnt"]
[Black "DanielTitichoca"]
[Result "1-0"]
[WhiteElo "2520"]
[BlackElo "2345"]
[TimeControl "180+1"]
[EndTime "11:44:41 PDT"]
[Termination "JulAnt won by checkmate"]

1. e4 c5 2. Nf3 d6 3. d4 cxd4 4. Nxd4 Nf6 5. Nc3 a6 6. Bg5 Nbd7 7. Bc4 e6 8. Qe2 b5 9. Bb3 Qc7 10. O-O-O Bb7 11. f3 Be7 12. Bxe6 fxe6 13. Nxe6 Qa5 14.
Nxg7+ Kf7 15. Nf5 b4 16. Qc4+ d5 17. Nxd5 Bxd5 18. exd5 Rhc8 19. Qe2 Bf8 20. Qe6+ Kg6 21. Bxf6 Nxf6 22. h4 Qxa2 23. h5+ Kg5 24. f4+ Kg4 25.
Nd4+ Kg3 26. Rd3+ Kf2 27. Rf3+ Kxg2 28. Qh3# 1-0

[Event "*** Titled Tuesday Blitz"]
[Site "Chess.com"]
[Date "2020.04.28"]
[Round "9"]
[White "CMFernandez"]
[Black "fridaywins"]
[Result "1/2-1/2"]
[WhiteElo "2077"]
[BlackElo "2238"]
[TimeControl "180+1"]
[EndTime "11:44:41 PDT"]
[Termination "Game drawn by repetition"]

1. d4 Nf6 2. c4 c5 3. d5 e5 4. Nc3 d6 5. g3 Be7 6. Bg2 O-O 7. e4 Ne8 8. Nge2 f5 9. f3 fxe4 10. Nxe4 Nf6 11. N2c3 Nxe4 12. Nxe4 Bf5 13. O-O Bxe4 14. fxe4 Rxf1+ 15. Qxf1 Bg5 16. Bh3 Bxc1 17. Qxc1 Nd7 18.
Be6+ Kh8 19. Qe3 Nf6 20. Rf1 Qe7 21. g4 Rf8 22. Qf3 Nd7 23. Qg2 Rxf1+ 24. Qxf1 Nf6 25. Qf3 g6 26. h4 Kg7 27. h5 Ne8 28. hxg6 hxg6 29.
Kg2 Nc7 30. Bc8 b5 31. cxb5 Nxb5 32. Qg3 Qg5 33. Be6 Nd4 34. Qa3 Qd2+ 35. Kh3 Kf6 36. Qxa7 Qe3+ 37. Kg2 Qxe4+ 38. Kh2 Nf3+ 39. Kh3 Ng5+ 40.
Kh4 Qh1+ 41. Kg3 Qf3+ 42. Kh2 Qh3+ 43. Kg1 Qg3+ 44. Kf1 Qf3+ 45. Ke1 Qe3+ 46. Kd1 Nxe6 47.
dxe6 Kxe6 48. Qb8 Qd3+ 49. Kc1 Qf1+ 50. Kc2 Qe2+ 51. Kc1 Qe3+ 52. Kc2 Kd5 53. Qg8+ Kd4 54. Qxg6 d5 55. a4 e4 56. Qf6+ Kc4 57. Qa6+ Kd4 58.
Qf6+ Kc4 59. Qa6+ Kd4 60. Qf6+ 1/2-1/2

[Event "*** Titled Tuesday Blitz"]
[Site "Chess.com"]
[Date "2020.04.28"]
[Round "9"]
[White "RaunakSadhwani2005"]
[Black "stanyga"]
[Result "1-0"]
[WhiteElo "2884"]
[BlackElo "2700"]
[TimeControl "180+1"]
[EndTime "11:44:45 PDT"]
[Termination "RaunakSadhwani2005 won by resignation"]

1. e4 c5 2. Nc3 Nc6 3. Bb5 Nd4 4. Nf3 Nxb5 5. Nxb5 g6 6. d4 Bg7 7. Nc3 cxd4 8. Nxd4 d6 9. Be3 Nf6 10. f3 O-O 11. Qd2 Re8 12. Bh6 Bh8 13. O-O-O b5 14. h4 b4 15. Nce2 Qa5 16. Kb1 Bd7 17. h5 Nxh5 18.
g4 Nf6 19. Ng3 Rac8 20. Qh2 Qc5 21. Be3 Qe5 22. g5 Nh5 23. f4 Qg7 24. Nxh5 gxh5 25. f5 Rc4 26. Qxh5 d5 27. e5 Rec8 28. Rd2 Rxd4 29.
f6 Qg6 30. Qxg6+ fxg6 31. Bxd4 1-0

[Event "*** Titled Tuesday Blitz"]
[Site "Chess.com"]
[Date "2020.04.28"]
[Round "9"]
[White "Gurvich_Vitaly"]
[Black "Barcelona_Guy"]
[Result "1/2-1/2"]
[WhiteElo "2585"]
[BlackElo "2733"]
[TimeControl "180+1"]
[EndTime "11:44:46 PDT"]
[Termination "Game drawn by repetition"]

1. e4 e5 2. Nf3 Nc6 3. Bb5 a6 4. Bxc6 dxc6 5. O-O Bd6 6. d4 exd4 7. Qxd4 f6 8. Be3 Ne7 9. Qc3 Ng6 10. Nbd2 Be6 11. Nd4 Bf7 12. Nf5 O-O 13. Nc4 Be5 14. Nxe5 fxe5 15.
Rad1 Qf6 16. Rd7 Rac8 17. b3 Be6 18. Rxg7+ Kh8 19. Bh6 Bxf5 20. exf5 Nh4 21. Rg4 Qxh6 22. Qxe5+ Rf6 23. Rg6 hxg6 24. Qxf6+ Kh7 25. Qe7+ Kh8 26. Qf6+ Kh7 27. Qe7+ Kh8 28. Qf6+ 1/2-1/2

[Event "*** Titled Tuesday Blitz"]
[Site "Chess.com"]
[Date "2020.04.28"]
[Round "9"]
[White "Kosche007"]
[Black "Usurpov"]
[Result "0-1"]
[WhiteElo "2312"]
[BlackElo "2472"]
[TimeControl "180+1"]
[EndTime "11:44:47 PDT"]
[Termination "Usurpov won by resignation"]

1. e4 c5 2. Nf3 e6 3. d4 cxd4 4.
Nxd4 Nf6 5. Nc3 Nc6 6. Nxc6 bxc6 7. Bd3 d5 8. O-O Be7 9. b3 O-O 10. Bb2 c5 11. Qe2 c4 12. bxc4 dxe4 13. Nxe4 Bb7 14. Rfd1 Nxe4 15. Bxe4 Qc7 16. Be5 Qc8 17. Bxh7+ Kxh7 18. Qh5+ Kg8 19. Bxg7 Kxg7 20. Qg4+ Kf6 21. Qh4+ Kg6 22.
Qxe7 Qc6 23. f3 Rac8 24. Rd4 Qc5 25. Rd1 Qxe7 0-1

[Event "*** Titled Tuesday Blitz"]
[Site "Chess.com"]
[Date "2020.04.28"]
[Round "9"]
[White "wonderfultime"]
[Black "temus_galaktionov"]
[Result "1-0"]
[WhiteElo "2947"]
[BlackElo "2780"]
[TimeControl "180+1"]
[EndTime "11:44:51 PDT"]
[Termination "wonderfultime won by resignation"]

1. d4 c6 2. Nf3 g6 3. Bf4 Bg7 4. e3 d6 5. Be2 Nd7 6. h3 e5 7. Bh2 Qe7 8. O-O Ngf6 9. c4 O-O 10. Nc3 Re8 11. Qc2 a6 12. Rfd1 h5 13. Rac1 e4 14. Nd2 Nf8 15. b4 Bf5 16. b5 g5 17. bxc6 bxc6 18. Qa4 Rec8 19. Qa5 Qe6 20. d5 cxd5 21.
cxd5 Qe7 22. Nc4 Ne8 23. Na4 Nd7 24. Bxh5 Rcb8 25. Be2 Rb5 26. Qe1 Rab8 27. Na5 Ne5 28. Nc6 Nxc6 29. dxc6 Rb4 30. Nc3 Nc7 31. Bxd6 Qf6 32.
Bxc7 Rc8 33. Nd5 1-0

[Event "*** Titled Tuesday Blitz"]
[Site "Chess.com"]
[Date "2020.04.28"]
[Round "9"]
[White "Man-Chuk"]
[Black "sergoy"]
[Result "1-0"]
[WhiteElo "2762"]
[BlackElo "2865"]
[TimeControl "180+1"]
[EndTime "11:44:51 PDT"]
[Termination "Man-Chuk won by resignation"]

1. c4 Nf6 2. Nc3 c6 3. d4 d5 4. e3 e6 5. b3 Nbd7 6. Bb2 Bd6 7.
Bd3 O-O 8. Nge2 b6 9. Ng3 Bb7 10. O-O c5 11. cxd5 cxd4 12. Nce4 Nxe4 13. Nxe4 Nc5 14.
Nxc5 bxc5 15. exd4 cxd4 16. Qh5 g6 17. Qh6 e5 18. f4 Re8 19. fxe5 Bxe5 20. Rxf7 Kxf7 21. Qxh7+ Kf6 22. Rf1+ Bf4 23. Bxd4+ 1-0

[Event "*** Titled Tuesday Blitz"]
[Site "Chess.com"]
[Date "2020.04.28"]
[Round "9"]
[White "lucliasco"]
[Black "Alexander_Donchenko"]
[Result "0-1"]
[WhiteElo "2653"]
[BlackElo "2862"]
[TimeControl "180+1"]
[EndTime "11:44:51 PDT"]
[Termination "Alexander_Donchenko won by resignation"]

1. e4 c5 2. Nf3 d6 3. d4 cxd4 4. Nxd4 Nf6 5. f3 e5 6. Bb5+ Bd7 7. Bxd7+ Qxd7 8. Nf5 d5 9. Bg5 dxe4 10. Bxf6 Qxd1+ 11. Kxd1 gxf6 12. fxe4 Nc6 13. c3 O-O-O+ 14. Nd2 Ne7 15. Nxe7+ Bxe7 16. Kc2 h5 17. Rad1 Rdg8 18. g3 h4 19. Nf3 hxg3 20. hxg3 Rxh1 21. Rxh1 Rxg3 22. Nh4 Kd7 23. Nf5 Rg2+ 24. Kb3 Rg4 25. Rh4 Rg2 26. Rh7 Ke6 27. Rh8 Bc5 28. a4 Re2 29. Rh4 Be3 30. Rh8 Bc1 31. Re8+ Kd7 32. Re7+ Kc6 33. Rxf7 Rxb2+ 34. Kc4 Bg5 35. Ne7+ Kd7 36.
Nd5+ Ke6 37. Ne7 Kxf7 0-1

[Event "*** Titled Tuesday Blitz"]
[Site "Chess.com"]
[Date "2020.04.28"]
[Round "9"]
[White "godsgonnacutudown"]
[Black "mfwagnerpeixoto"]
[Result "1-0"]
[WhiteElo "2352"]
[BlackElo "2191"]
[TimeControl "180+1"]
[EndTime "11:44:53 PDT"]
[Termination "godsgonnacutudown won by resignation"]

1. Nf3 c5 2. c4 g6 3. d4 cxd4 4. Nxd4 Bg7 5. e4 Nc6 6. Be3 Nf6 7. Nc3 O-O 8. Be2 d6 9. O-O Nxd4 10. Bxd4 Bd7 11. c5 Bc6 12. cxd6 exd6 13. Bd3 Re8 14. Qf3 Nd7 15. Bxg7 Kxg7 16. Rac1 Ne5 17. Qh3 h5 18. Be2 Qb6 19. b3 Rad8 20. Qg3 Rh8 21. Bxh5 Rxh5 22. Rfd1 Qb4 23. f4 Qb6+ 24. Kh1 Nd7 25. Rxd6 Rdh8 26. h3 Nf6 27. f5 g5 28. Qe5 R8h6 29. Nd5 Qf2 30.
Qc3 Bxd5 31. Rxd5 g4 32. Rd2 Qf4 33. e5 gxh3 34. exf6+ Kh7 35. g3 Qxg3 36. Qxg3 1-0

[Event "*** Titled Tuesday Blitz"]
[Site "Chess.com"]
[Date "2020.04.28"]
[Round "9"]
[White "Chuchofrio1"]
[Black "Tsubasa"]
[Result "1-0"]
[WhiteElo "2256"]
[BlackElo "2402"]
[TimeControl "180+1"]
[EndTime "11:44:55 PDT"]
[Termination "Chuchofrio1 won on time"]

1. e4 e6 2. d4 d5 3. Nc3 Bb4 4. a3 Bxc3+ 5. bxc3 dxe4 6. Qg4 Nf6 7. Qxg7 Rg8 8. Qh6 c5 9. Bb5+ Bd7 10. Bxd7+ Nbxd7 11. Bd2 Rxg2 12. Nh3 Rg6 13. Qh4 Qc7 14. Bf4 Qc6 15.
Be3 cxd4 16. cxd4 Qxc2 17. Rc1 Qa4 18. Nf4 Rg4 19. Qh3 Qa5+ 20. Bd2 Qf5 21. Qe3 Nb6 22. h3 Rg8 23. Qb3 Nh5 24. Rc5 Nd5 25. Nxd5 exd5 26. Rxd5 Qf3 27. Re5+ Kf8 28. Bh6+ Rg7 29. Qxf3 exf3 30. Rxh5 Kg8 31. Bxg7 1-0

[Event "*** Titled Tuesday Blitz"]
[Site "Chess.com"]
[Date "2020.04.28"]
[Round "9"]
[White "Kezin_Roman"]
[Black "harvsp123"]
[Result "1-0"]
[WhiteElo "2714"]
[BlackElo "2540"]
[TimeControl "180+1"]
[EndTime "11:44:56 PDT"]
[Termination "Kezin_Roman won by resignation"]

1. h4 e5 2. h5 d5 3. c3 c5 4. d4 cxd4 5. cxd4 e4 6. Nc3 Nc6 7. Bf4 f5 8. e3 Nf6 9. h6 g6 10. Qb3 Bd6 11. Bg5 Na5 12. Qa4+ Bd7 13. Bb5 Bxb5 14.
Qxb5+ Nc6 15. Qxb7 Nb4 16. Bxf6 Qxf6 17. Qxa8+ Kd7 18.
Qb7+ Ke6 19. Kf1 Rb8 20. Qg7 Qg5 21. Nh3 Qg4 22. Ne2 Nd3 23. b3 Rc8 24. Nhf4+ Bxf4 25. Nxf4+ Nxf4 26. Qe5+ Kf7 27. Qxf4 Qxf4 28. exf4 Rc2 29. Rh3 a5 30. a3 Rb2 31. Rc3 Ke6 32. b4 a4 33. Rac1 1-0

[Event "*** Titled Tuesday Blitz"]
[Site "Chess.com"]
[Date "2020.04.28"]
[Round "9"]
[White "Charlottemillard17"]
[Black "chessuriel"]
[Result "0-1"]
[WhiteElo "1409"]
[BlackElo "2208"]
[TimeControl "180+1"]
[EndTime "11:44:56 PDT"]
[Termination "chessuriel won on time"]

1. e4 c5 2. c3 e6 3. d4 d5 4. e5 Qb6 5. Nf3 Bd7 6. Qc2 Ne7 7. Be3 Nf5 8. Be2 Nxe3 9. fxe3 Bb5 10. O-O Nc6 11. Na3 Bxe2 12. Qxe2 Be7 13. Qf2 O-O 14.
Rab1 Rac8 15. Qg3 Na5 16. h4 Qa6 17. h5 h6 18. Nh2 Qd3 19. Ng4 Bg5 20. Rf3 Nc4 21.
e4 Qxe4 22. Nf6+ gxf6 23. exf6 Nxa3 24. Re1 Qh4 25. Qxh4 Bxh4 26. Ree3 Nc4 27. Rd3 cxd4 28. Rxd4 Bg5 29. Rg3 Kh8 30. b3 Be3+ 0-1

[Event "*** Titled Tuesday Blitz"]
[Site "Chess.com"]
[Date "2020.04.28"]
[Round "9"]
[White "kleopl"]
[Black "Antelacus"]
[Result "1-0"]
[WhiteElo "2475"]
[BlackElo "2331"]
[TimeControl "180+1"]
[EndTime "11:44:57 PDT"]
[Termination "kleopl won by resignation"]

1. c4 e5 2. Nc3 Nf6 3. Nf3 Nc6 4.
e4 Bc5 5. Nxe5 Nxe5 6. d4 Bb4 7. dxe5 Nxe4 8. Qf3 Nxc3 9. bxc3 Bc5 10. Qg3 g6 11. Bg5 Be7 12. Bh6 d6 13. Be2 Bf8 14. Bxf8 Kxf8 15.
Rd1 Kg7 16. O-O Re8 17. Bf3 Be6 18. Bxb7 Rb8 19. Bc6 Rf8 20. exd6 cxd6 21. Rxd6 Qf6 22. Bd5 Rb2 23. Ra6 Re8 24. Rxa7 Reb8 25. h3 h5 26. Qe3 R8b6 27. c5 Bxd5 28. cxb6 Rxb6 29. Qd4 Qxd4 30. cxd4 Rb2 31. a4 Ra2 32. a5 Kf6 33. Rb1 Kf5 34.
Rb5 Ke4 35. Re7+ Be6 36. d5 1-0

[Event "*** Titled Tuesday Blitz"]
[Site "Chess.com"]
[Date "2020.04.28"]
[Round "9"]
[White "Kolle05"]
[Black "IMinTheWings"]
[Result "1-0"]
[WhiteElo "2408"]
[BlackElo "2201"]
[TimeControl "180+1"]
[EndTime "11:44:57 PDT"]
[Termination "Kolle05 won by resignation"]

1. e4 c5 2. Nf3 d6 3. Bb5+ Bd7 4. Bxd7+ Qxd7 5. c4 Nf6 6. Nc3 Nc6 7. d4 cxd4 8.
Nxd4 g6 9. f3 Bg7 10. Be3 O-O 11. O-O Rfc8 12. b3 Rab8 13. Rc1 a6 14. Nxc6 Qxc6 15. Qe2 b5 16. Nd5 Nxd5 17. cxd5 Qb7 18. Qd3 Rxc1 19. Rxc1 Rc8 20. Rc2 Rc7 21. Qd1 Qc8 22.
Rxc7 Qxc7 23. Qc1 Qxc1+ 24. Bxc1 Kf8 25. Kf2 Ke8 26. Ke3 Bh6+ 27. f4 g5 28. g3 gxf4+ 29. gxf4 e5 30. Kf3 Ke7 31. Be3 Bxf4 32. Bxf4 exf4 33.
Kxf4 Kf6 34. b4 h6 35. h3 h5 36. h4 Ke7 37. Kg5 Kf8 38. Kxh5 Kg7 39. Kg5 f6+ 40. Kf5 Kf7 41. h5 Kg7 42. a3 1-0

[Event "*** Titled Tuesday Blitz"]
[Site "Chess.com"]
[Date "2020.04.28"]
[Round "9"]
[White "Chepaschess"]
[Black "madalin18"]
[Result "1-0"]
[WhiteElo "2672"]
[BlackElo "2159"]
[TimeControl "180+1"]
[EndTime "11:45:00 PDT"]
[Termination "Chepaschess won by resignation"]

1. d4 Nf6 2. c4 g6 3. Nc3 Bg7 4. e4 d6 5. h3 O-O 6. Be3 c5 7. Nf3 cxd4 8. Nxd4 Nc6 9. Be2 Be6 10. O-O Rc8 11.
Nxe6 fxe6 12. Rc1 a6 13. Qd2 e5 14. Rfd1 Nd4 15. Bxd4 exd4 16. Qxd4 Nd7 17. Qe3 Ne5 18. b3 Qd7 19. Nd5 Rb8 20. c5 Kh8 21. cxd6 exd6 22. Rc7 Qe6 23. Re7 Qc8 24. f4 Nc6 25.
Bg4 Qd8 26. Rd7 Qh4 27. Rxd6 Rbd8 28. Rxd8 Rxd8 29. Kh2 h5 30. Bf3 Kh7 31. e5 Rf8 32.
Be4 Nxe5 33. fxe5 Bxe5+ 34. Kh1 Qg3 35. Qxg3 Bxg3 36. Bf3 Re8 37. Nc3 1-0

[Event "*** Titled Tuesday Blitz"]
[Site "Chess.com"]
[Date "2020.04.28"]
[Round "9"]
[White "Baby_Legs"]
[Black "MartinMatthiesen"]
[Result "1-0"]
[WhiteElo "2691"]
[BlackElo "2471"]
[TimeControl "180+1"]
[EndTime "11:45:01 PDT"]
[Termination "Baby_Legs won on time"]

1. c4 c6 2. Nf3 d5 3. e3 Nf6 4. Nc3 g6 5. d4 Bg7 6. Be2 O-O 7. O-O Bg4 8. cxd5 cxd5 9. Qb3 Bc8 10. Ne5 Nc6 11. Nxc6 bxc6 12. Bd2 Qc7 13. Rfc1 Rb8 14. Qa3 e5 15. h3 exd4 16. exd4 Bf5 17. Be3 Rfe8 18.
b3 Bxh3 19. Nb5 Qd7 20. Nc3 Ng4 21. Bf4 Bxd4 22. Bxb8 Nxf2 23. Bxa7 Bxa7 24. Kf1 Ng4 25. gxh3 Ne3+ 26. Ke1 Ng2+ 27. Kd1 1-0

[Event "*** Titled Tuesday Blitz"]
[Site "Chess.com"]
[Date "2020.04.28"]
[Round "9"]
[White "adricalderon8"]
[Black "cassoulet"]
[Result "1-0"]
[WhiteElo "2431"]
[BlackElo "2572"]
[TimeControl "180+1"]
[EndTime "11:45:01 PDT"]
[Termination "adricalderon8 won by resignation"]

1. e4 e6 2. d4 d5 3. Nc3 dxe4 4.
Nxe4 Nd7 5. Nf3 Ngf6 6. Bd3 Be7 7. Qe2 O-O 8. O-O Nxe4 9. Bxe4 c5 10. Rd1 Qc7 11.
Bg5 Nf6 12. Bd3 h6 13. Bh4 Nh5 14. Bxe7 Qxe7 15. Qe5 Nf6 16. Qxc5 Qxc5 17. dxc5 Bd7 18.
Ne5 Rfd8 19. Rd2 Be8 20. Rad1 Rd5 21. Nc4 Rxc5 22. Nd6 Bc6 23. c4 a6 24. b4 Rg5 25.
f4 Rh5 26. g3 Rd8 27. Be2 Rxd6 28. Rxd6 Rf5 29. Rxc6 bxc6 30. Rd8+ Kh7 31. Bd3 g5 32.
Bxf5+ exf5 33. Rd6 Ne4 34. Rxc6 Nd2 35. b5 1-0